 Dungeon Crawl Stone Soup version 0.19-a0-36-g4a0968a (webtiles) character file.

87042 nubinia the Peltast (level 15, -3/105 HPs)
             Began as a Gargoyle Fighter on May 3, 2016.
             Was a High Priest of Qazlal.
             Slain by a four-headed hydra (6 damage)
             ... on level 3 of the Swamp on May 4, 2016.
             The game lasted 01:51:12 (22787 turns).

nubinia the Peltast (Gargoyle Fighter)             Turns: 22787, Time: 01:51:15

Health: -3/105     AC: 24    Str: 25    XL:     15   Next: 89%
Magic:  21/21      EV: 14    Int: 12    God:    Qazlal [*****.]
Gold:   601        SH: 29    Dex: 12    Spells: 0 memorised, 14 levels left

rFire  + . .     SeeInvis .     a - +1 whip of Exquisite Death {elec, MR++ Stlth+}
rCold  + . .     Gourm    .     B - +0 ring mail {rC+}
rNeg   + . .     Faith    .     V - +0 large shield
rPois  ∞         Spirit   .     (no helmet)
rElec  +         Dismiss  .     v - +2 cloak
rCorr  .         Reflect  .     T - +0 pair of gloves of the Bagpipe {rElec Str-3 Int+2 Slay+5}
SustAt .         Harm     +     n - +0 pair of boots
MR     +++..                    e - amulet of harm
Stlth  +.........               X - ring of protection from fire
                                Z - ring of Xiskarul {Fragile +Inv rPois Str+6 Stlth+}

@: flying, studying Fighting, repel missiles, extremely resistant to hostile
enchantments, very unstealthy
A: big wings, negative energy resistance 1, electricity resistance, unbreathing,
petrification resistance, rot immunity, AC +11
a: Stop Flying, Upheaval, Elemental Force, Disaster Area, Renounce Religion,
Evoke Invisibility


You were on level 3 of the Swamp.
You worshipped Qazlal.
Qazlal was extremely pleased with you.
You were not hungry.

You visited 3 branches of the dungeon, and saw 22 of its levels.

You collected 1815 gold pieces.
You spent 1214 gold pieces at shops.

Inventory:

Hand Weapons
 a - the +1 whip of Exquisite Death (weapon) {elec, MR++ Stlth+}
   (You took it off an orc on level 3 of the Dungeon)

   Occasionally, upon striking a foe, it will discharge some electrical energy
   and cause terrible harm.
   It affects your resistance to hostile enchantments.
   It makes you more stealthy.
 b - a +1 blowgun
Missiles
 A - 44 poisoned needles
 L - 7 needles of confusion
 Q - 4 curare-tipped needles
Armour
 n - a +0 pair of boots (worn)
 v - a +2 cloak (worn)
 B - a +0 ring mail of cold resistance (worn)
 T - the +0 pair of gloves of the Bagpipe (worn) {rElec Str-3 Int+2 Slay+5}
   (You acquired it on level 5 of the Lair of Beasts)

   It affects your strength (-3).
   It affects your intelligence (+2).
   It affects your accuracy and damage with ranged weapons and melee attacks
   (+5).
   It insulates you from electricity.
 V - a +0 large shield (worn)
Jewellery
 e - an amulet of harm (around neck)
 y - an uncursed ring of stealth
 I - an uncursed ring of fire
 R - an uncursed ring of ice
 X - a ring of protection from fire (right hand)
 Z - the ring of Xiskarul (left hand) {Fragile +Inv rPois Str+6 Stlth+}
   (You found it on level 6 of the Lair of Beasts)

   [ring of stealth]

   It affects your strength (+6).
   It protects you from poison.
   It lets you turn invisible.
   It will be destroyed if unequipped.
   It makes you more stealthy.
Wands
 C - a wand of iceblast (7/15)
 D - a wand of disintegration (15/24)
 K - a wand of paralysis (6/24)
 M - a wand of flame (12/48)
 N - a wand of disintegration (15/24)
 P - a wand of polymorph (3/24)
 U - a wand of paralysis (13/24)
Scrolls
 c - a scroll of recharging
 h - 8 scrolls of teleportation
 i - 4 scrolls of fog
 k - 9 scrolls of remove curse
 m - 4 scrolls of enchant armour
 q - 2 scrolls of fear
 t - 4 scrolls of magic mapping
 w - 2 scrolls of amnesia
 x - 2 scrolls of blinking
 H - 2 scrolls of enchant weapon
 S - 9 scrolls of identify
Potions
 d - 5 potions of might
 l - 3 potions of brilliance
 o - 5 potions of heal wounds
 p - 2 potions of haste
 r - 4 potions of resistance
 s - 10 potions of curing
 z - 2 potions of magic
 E - a potion of agility
 J - 2 potions of cancellation
 Y - 2 potions of mutation
Books
 u - a manual of Fighting
Comestibles
 f - 11 bread rations
 g - 12 royal jellies
 j - 11 meat rations
 F - 4 chunks of flesh
 G - 5 beef jerkies
 W - 36 fruits


   Skills:
 + Level 16.7 Fighting
 - Level 10.6 Maces & Flails
 - Level 2.0 Throwing
 - Level 8.3 Armour
 - Level 10.0 Dodging
 - Level 3.2 Stealth
 - Level 16.9 Shields
 - Level 8.5 Invocations
 - Level 0.5 Evocations


You had 14 spell levels left.
You didn't know any spells.

Dungeon Overview and Level Annotations

Branches:
Dungeon (11/15)            Temple (0/1) D:5            Lair (8/8) D:11
  Swamp (3/4) Lair:4       Spider (0/4) Lair:4        Slime (0/6) Lair:7
    Orc (0/2) D:9

Altars:
Cheibriados
Elyvilon
Fedhas
Kikubaaqudgha
Makhleb
Nemelex Xobeh
Okawaru
Qazlal
Ru
Sif Muna
Trog
Zin
The Shining One
Jiyva

Shops:
D:5 ?   D:10 %:*


Innate Abilities, Weirdness & Mutations

You are resistant to torment.
Your stone body is resilient (AC +11).
You are immune to poison.
Your large and strong wings let you fly indefinitely.
You resist negative energy.
You are resistant to electric shocks.
You can survive without breathing.
You are immune to petrification.
You are immune to rotting.


Message History

The seven-headed hydra barely misses you.
You block the seven-headed hydra's attack.
The seven-headed hydra bites you but does no damage.
You block the seven-headed hydra's attack.
The seven-headed hydra bites you but does no damage.
The seven-headed hydra misses you.
The seven-headed hydra bites you but does no damage.
You block the four-headed hydra's attack. x2
The four-headed hydra bites you but does no damage. x2
You block the four-headed hydra's attack. x3
The four-headed hydra bites you!
* * * LOW HITPOINT WARNING * * *
The seven-headed hydra is struck by lightning.
You kill the seven-headed hydra!
Qazlal accepts your kill.
You block the four-headed hydra's attack.
The four-headed hydra closely misses you.
The four-headed hydra bites you but does no damage.
The four-headed hydra bites you.
You die...

..≈♣♣..≈.♣♣♣.≈≈≈≈≈≈..≈≈≈≈≈≈§♣♣♣
§≈≈≈..≈≈≈.♣♣.≈≈≈≈≈≈.♣.≈≈≈≈≈≈.§♣♣♣
.≈≈≈≈≈≈≈≈$♣♣♣.≈≈≈≈>...≈≈≈≈≈≈≈≈≈.≈
♣≈≈D≈≈≈..!♣ ♣♣...§§.♣.§≈.≈≈.≈≈≈≈≈
♣≈.≈≈.§.♣♣♣ ♣♣♣♣...≈≈≈≈≈.....≈≈≈
.♣≈..§.§.♣ ♣≈♣§≈≈≈≈≈<≈.≈..≈≈
.≈≈.♣♣...♣ ♣♣♣♣♣♣♣..≈.≈≈.♣♣♣♣♣♣♣≈
...†♣♣♣♣♣♣ ♣)≈≈≈♣≈.≈.≈≈≈.} ..≈≈§♣
≈...§.♣ ♣♣♣♣≈≈§D@§♣♣...≈≈≈ .♣♣♣♣♣
♣♣♣♣D.♣♣♣§≈.§...........≈≈.
♣≈.....D....=§≈§§>..≈.≈..
♣♣..≈≈≈.♣♣≈♣..♣♣≈.≈♣♣♣≈≈§♣
♣♣♣♣.≈≈≈.♣♣♣♣♣♣♣ ♣≈..♣♣♣.
♣≈≈≈....♣♣ ..♣♣ ♣♣≈.....♣ ≈♣≈.
♣♣≈.≈..♣ .. ♣♣♣♣♣♣♣


You could see a four-headed hydra and a swamp dragon.

Vanquished Creatures
  A thorn hunter (Swamp:2)
  Donald (Swamp:1)
  The ghost of AnotherOne the Fighter, a journeyman MiBe of Trog (Swamp:2)
  The ghost of Graouh the Blocker, a journeyman MiFi of Okawaru (D:11)
  Harold (D:10)
  14 hydras
  2 catoblepae
  7 alligators
  A deep troll shaman (Lair:8)
  20 death yaks
  9 spriggans
  A spriggan druid (Swamp:1)
  3 swamp dragons
  A shambling mangrove (Swamp:1)
  A lindwurm (Lair:8)
  6 griffons
  7 slime creatures
  2 hornets (Swamp:1)
  9 elephants
  The ghost of M4edhros the Martial Artist, a novice OpNe of Cheibriados (D:7)
  4 black mambas
  A torpor snail (Lair:5)
  A gargoyle (D:10)
  6 komodo dragons
  7 rime drakes
  16 spiny frogs
  A kobold demonologist (D:11)
  A troll (D:10)
  Grinder (D:5)
  4 giant leeches
  A queen bee (Lair:1)
  26 blink frogs
  4 bog bodies
  2 shadows
  A vampire (D:9)
  A wraith (D:11)
  A redback (Lair:4)
  22 yaks
  8 basilisks
  9 wyverns
  A steam dragon (D:9)
  2 hungry ghosts
  10 vampire mosquitoes
  9 hippogriffs
  A soldier ant (D:11)
  8 swamp worms
  5 insubstantial wisps (Swamp:2)
  The ghost of M4edhros the Insei, an amateur OpNe (D:4)
  7 porcupines
  Duvessa (D:5)
  A hell hound (Lair:5)
  10 water moccasins
  3 sky beasts
  3 swamp drakes
  An ice beast (D:5)
  7 wasps
  3 orc warriors
  A black bear (Lair:8)
  3 ogres
  13 wolves
  5 centaurs
  11 crocodiles
  5 big kobolds (D:5)
  10 giant frogs
  A wyvern zombie (D:11)
  A water moccasin zombie (D:4)
  5 scorpions
  25 killer bees (Lair:1)
  A wight (D:9)
  4 howler monkeys (D:10)
  4 electric eels
  5 crimson imps
  A centaur zombie (D:7)
  2 giant frog zombies (D:11)
  8 orc priests
  14 two-headed ogre zombies (D:9)
  3 giant frog skeletons
  7 hounds
  A quasit (D:10)
  9 iguanas
  13 jellies
  13 orc wizards
  A centaur skeleton (D:8)
  An iron imp (D:9)
  5 worker ants
  17 sheep
  A hound zombie (D:11)
  A hound skeleton (D:10)
  8 gnolls
  8 adders
  A howler monkey skeleton (D:8)
  73 river rats
  3 shadow imps
  4 oozes
  An adder skeleton (D:9)
  4 worms
  2 dart slugs
  5 giant geckos
  57 orcs
  3 ball pythons
  6 bats
  7 giant cockroaches
  8 goblins
  5 hobgoblins
  20 jackals
  3 quokkas
  A giant gecko skeleton (D:4)
  4 giant newts
  2 jackal skeletons
  37 kobolds
  18 rats
  5 briar patches (Swamp:2)
  6 bushes
  75 fungi
  57 plants
893 creatures vanquished.

Vanquished Creatures (collateral kills)
  A griffon (Lair:8)
  A black mamba (Lair:8)
  A blink frog (Lair:8)
  A wyvern (Lair:8)
  A swamp drake (Swamp:1)
5 creatures vanquished.

Vanquished Creatures (others)
  2 river rats (Lair:4)
  2 briar patches (Swamp:2)
  14 fungi
  10 plants
28 creatures vanquished.

Grand Total: 926 creatures vanquished

Notes
Turn   | Place    | Note
--------------------------------------------------------------
     0 | D:1      | nubinia the Gargoyle Fighter began the quest for the Orb.
     0 | D:1      | Reached XP level 1. HP: 14/14 MP: 1/1
    70 | D:1      | Reached XP level 2. HP: 19/19 MP: 2/2
   372 | D:1      | Reached XP level 3. HP: 23/23 MP: 3/3
  1100 | D:2      | Found a stormy altar of Qazlal.
  1108 | D:2      | Became a worshipper of Qazlal Stormbringer
  1194 | D:2      | Found a deep blue altar of Sif Muna.
  1296 | D:2      | Found an ancient bone altar of Kikubaaqudgha.
  1297 | D:2      | Found a blossoming altar of Fedhas.
  1305 | D:2      | Reached XP level 4. HP: 25/28 MP: 4/4
  1406 | D:2      | Reached skill level 1 in Dodging
  1924 | D:3      | Reached XP level 5. HP: 33/33 MP: 5/5
  2220 | D:4      | Reached * piety under Qazlal
  2396 | D:3      | Reached XP level 6. HP: 37/38 MP: 6/6
  2401 | D:3      | Got an encrusted whip {elec}
  2402 | D:3      | Identified the +1 whip of Exquisite Death {elec, MR++ Stlth+} (You took it off an orc on level 3 of the Dungeon)
  2465 | D:4      | Reached skill level 5 in Shields
  2533 | D:4      | Found a white marble altar of Elyvilon.
  2533 | D:4      | Found a glowing silver altar of Zin.
  2534 | D:4      | Found a glowing golden altar of the Shining One.
  2741 | D:4      | Noticed M4edhros's ghost (amateur OpNe)
  2750 | D:5      | Entered Level 5 of the Dungeon
  2750 | D:5      | Noticed Duvessa
  2750 | D:5      | Noticed Dowan
  2784 | D:5      | Found a staircase to the Ecumenical Temple.
  3300 | D:4      | Killed M4edhros's ghost
  3300 | D:4      | Reached XP level 7. HP: 44/44 MP: 7/7
  3448 | D:5      | Found an iron altar of Okawaru.
  3449 | D:5      | Found a bloodstained altar of Trog.
  3537 | D:5      | Reached ** piety under Qazlal
  3590 | D:5      | Noticed Grinder
  3598 | D:5      | Killed Grinder
  3598 | D:5      | Reached XP level 8. HP: 47/48 MP: 8/8
  3693 | D:5      | Reached skill level 5 in Fighting
  3812 | D:5      | Reached skill level 1 in Stealth
  3824 | D:5      | Reached skill level 5 in Maces & Flails
  3876 | D:5      | Reached skill level 5 in Armour
  3917 | D:5      | Reached *** piety under Qazlal
  4166 | D:5      | Killed Duvessa
  4169 | D:5      | Noticed Dowan
  4169 | D:5      | Dowan changed into Dowan the sheep
  4176 | D:5      | Killed Dowan the sheep
  4285 | D:5      | Found Ziodiminn's Magic Scroll Shop.
  4506 | D:6      | Reached XP level 9. HP: 53/54 MP: 9/9
  5197 | D:7      | Noticed M4edhros's ghost (novice OpNe)
  5201 | D:7      | Killed M4edhros's ghost
  5201 | D:7      | Reached **** piety under Qazlal
  5201 | D:7      | Reached skill level 1 in Throwing
  6079 | D:7      | Found a sacrificial altar of Ru.
  6349 | D:8      | Reached XP level 10. HP: 59/60 MP: 10/10
  6393 | D:8      | Reached skill level 5 in Dodging
  6760 | D:8      | Found a sparkling altar of Nemelex Xobeh.
  6991 | D:9      | Reached skill level 10 in Shields
  7074 | D:9      | Found a staircase to the Orcish Mines.
  7319 | D:9      | Found a snail-covered altar of Cheibriados.
  8032 | D:9      | Reached ***** piety under Qazlal
  8236 | D:10     | Entered Level 10 of the Dungeon
  8249 | D:10     | Noticed Harold
  8268 | D:10     | Killed Harold
  8311 | D:10     | Noticed a gargoyle
  8335 | D:10     | Killed a gargoyle
  8342 | D:10     | Found Ijiot's General Store.
  8374 | D:10     | Found Ucviesm's Book Shop.
  8588 | D:10     | Reached XP level 11. HP: 66/66 MP: 11/11
  8614 | D:10     | Found Otacvu's Food Shoppe.
  9702 | D:11     | Found a staircase to the Lair.
 10211 | D:11     | Noticed Graouh's ghost (journeyman MiFi)
 10262 | D:11     | Killed Graouh's ghost
 10289 | D:11     | Noticed an eight-headed hydra
 10302 | D:11     | Killed an eight-headed hydra
 10512 | D:11     | Found a burning altar of Makhleb.
 10512 | D:11     | Noticed a green death
 10772 | Lair:1   | Entered Level 1 of the Lair of Beasts
 10781 | Lair:1   | Got a serpentine pewter ring
 10855 | Lair:1   | Identified the ring "Ugraoz" {rCorr +Fly rC- Int+7} (You found it on level 1 of the Lair of Beasts)
 10977 | Lair:1   | Reached XP level 12. HP: 55/73 MP: 12/12
 11296 | Lair:1   | Reached ****** piety under Qazlal
 12266 | Lair:2   | Reached skill level 1 in Invocations
 12473 | Lair:2   | Noticed an eight-headed hydra
 12477 | Lair:2   | Killed an eight-headed hydra
 13608 | Lair:4   | Found a staircase to the Swamp.
 13896 | Lair:4   | Found a hole to the Spider Nest.
 14248 | Lair:4   | Got a crystal battleaxe
 14249 | Lair:4   | Identified the +7 battleaxe of Asaocky {speed, rF+ Int+5} (You found it on level 4 of the Lair of Beasts)
 14513 | Lair:5   | Reached XP level 13. HP: 54/78 MP: 15/15
 14910 | Lair:5   | Identified a scroll of acquirement
 14911 | Lair:5   | Got a pair of faintly humming gloves
 14922 | Lair:5   | Identified the +0 pair of gloves of the Bagpipe {rElec Str-3 Int+2 Slay+5} (You acquired it on level 5 of the Lair of Beasts)
 15657 | Lair:5   | Reached skill level 5 in Invocations
 15837 | Lair:5   | Reached skill level 15 in Shields
 16528 | Lair:6   | Gained mutation: Your body sometimes deteriorates upon taking damage. [potion of mutation]
 16528 | Lair:6   | Gained mutation: Your flesh is heat resistant. [potion of mutation]
 16528 | Lair:6   | Gained mutation: Scrolls take you a little longer to read. [potion of mutation]
 16529 | Lair:6   | Gained mutation: Your large and strong wings let you fly indefinitely. [potion of mutation]
 16529 | Lair:6   | Gained mutation: You are resistant to hostile enchantments. [potion of mutation]
 16557 | Lair:6   | Mutation became permanent: Your large and strong wings let you fly indefinitely. [Gargoyle growth]
 16557 | Lair:6   | Reached XP level 14. HP: 85/86 MP: 18/18
 16588 | Lair:6   | Reached skill level 10 in Maces & Flails
 16608 | Lair:6   | Got a slimy ivory ring
 16610 | Lair:6   | Identified the ring of Xiskarul {Fragile +Inv rPois Str+6 Stlth+} (You found it on level 6 of the Lair of Beasts)
 17262 | Lair:7   | Found a staircase to the Slime Pits.
 17320 | Lair:7   | Found a viscous altar of Jiyva.
 17947 | Lair:8   | Entered Level 8 of the Lair of Beasts
 18197 | Lair:8   | Lost mutation: Your body sometimes deteriorates upon taking damage. [potion of cure mutation]
 18197 | Lair:8   | Lost mutation: Your flesh is heat resistant. [potion of cure mutation]
 18197 | Lair:8   | Lost mutation: Scrolls take you a little longer to read. [potion of cure mutation]
 18197 | Lair:8   | Lost mutation: You are resistant to hostile enchantments. [potion of cure mutation]
 18598 | Lair:8   | Found an iron altar of Okawaru.
 19019 | Lair:8   | Reached skill level 10 in Dodging
 19019 | Lair:8   | Reached XP level 15. HP: 81/92 MP: 21/21
 19273 | Swamp:1  | Entered Level 1 of the Swamp
 19690 | D:10     | Bought a manual of Fighting for 1214 gold pieces
 19857 | Swamp:1  | Reached skill level 10 in Fighting
 20489 | Swamp:2  | Noticed Donald
 20545 | Swamp:2  | Noticed AnotherOne's ghost (journeyman MiBe)
 20923 | Swamp:2  | Noticed a thorn hunter
 20955 | Swamp:1  | Killed Donald
 21144 | Swamp:2  | Killed a thorn hunter
 21662 | Swamp:2  | Killed AnotherOne's ghost
 22273 | Swamp:3  | Reached skill level 15 in Fighting
 22785 | Swamp:3  | HP: 2/105 [four-headed hydra (11)]
 22787 | Swamp:3  | Slain by a four-headed hydra

Vault maps used:
D:1:      dpeg_arrival_long_road, minmay_tree_intersection, minmay_box_of_dots
D:2:      grunt_temple_overflow_growth_and_decay, led_sif_pool,
          old_standard_altar
D:3:      first_bread
D:4:      good_gods_temple_1
D:5:      minmay_goblin_kobold_castle, grunt_temple_overflow_bloody_war,
          minmay_temple_entry_metal_lava, serial_shops, kennysheep_mini_moat,
          grunt_decor_one_mirror, uniq_duvessa, uniq_grinder
D:7:      kennysheep_mini, grunt_ogre_cave
D:8:      nemelex_deck
D:9:      lemuel_ogre_cave, slow_altar_1, david_orc_2, dk_rats_in_the_wall
D:10:     serial_shops, shop, nicolae_shop_waterfront, shop,
          kennysheep_small_spiral, lemuel_jelly_drop, uniq_harold
D:11:     david_lair_shrubbed, makhleb_altar_promises_db
Lair:1:   special_room, infiniplex_staircase_pool, grunt_megastairs_2
Lair:2:   grunt_megastairs_3, serial_bayou_shore_a
Lair:3:   patterned_corridor, grunt_megastairs_4
Lair:4:   swamp_mist_pool, spider_nest_entry_webs, serial_bayou_lake_a
Lair:5:   minivault_11, serial_bayou_crossing
Lair:6:   serial_forest, infiniplex_forest_zigzag_2,
          infiniplex_forest_lined_3_way, infiniplex_forest_side_room,
          infiniplex_forest_straight_4, infiniplex_forest_lined_2,
          grunt_forest_large_clearings
Lair:7:   slime_altar_1
Lair:8:   grunt_lair_end_beastmaster, basic_altar, grunt_megastairs_1,
          lemuel_fruit_fields, lemuel_fruit_tree
Swamp:1:  evilmike_swamp_ruin_house_4
Swamp:2:  evilmike_swamp_ruin_house_1, swamp_pool4, uniq_donald
Swamp:3:  evilmike_swamp_ruin_house_2

Skill      XL: |  1  2  3  4  5  6  7  8  9 10 11 12 13 14 15 |
---------------+----------------------------------------------+-----
Armour         | 4 5 6 7 8 |  8.3
Dodging        | 1 2 3 4 5 6 7 8 10 | 10.0
Shields        | 4 5 6 7 9 11 13 14 15 16 | 16.9
Maces & Flails | 3 4 5 6 7 8 9 10 | 10.6
Fighting       | 4 5 6 7 8 9 16 | 16.7
Stealth        | 1 2 3 |  3.2
Throwing       | 1 2 |  2.0
Invocations    | 3 6 8 |  8.5
Evocations     | |  0.5

Action                   |  1- 3 |  4- 6 |  7- 9 | 10-12 | 13-15 || total
-------------------------+-------+-------+-------+-------+-------++-------
Melee: Flail             |   155 |   135 |       |       |       ||   290
       Whip              |       |    62 |   438 |  1234 |  1212 ||  2946
 Fire: Blowgun           |       |       |    17 |     6 |       ||    23
Invok: Upheaval          |       |       |       |     1 |     4 ||     5
       Elemental Force   |       |       |       |       |     8 ||     8
 Abil: Fly               |       |       |       |       |     2 ||     2
Evoke: Wand              |       |       |     1 |       |     2 ||     3
  Use: Scroll            |     1 |     5 |     6 |    21 |     3 ||    36
       Potion            |       |     1 |       |     2 |     3 ||     6
 Stab: Distracted        |       |       |       |     1 |     1 ||     2
  Eat: Chunk             |     2 |     6 |    10 |    27 |    22 ||    67
       Beef jerky        |       |       |       |     1 |     3 ||     4
       Pizza             |       |       |       |     1 |     1 ||     2
Armor: Scale mail        |   100 |    77 |   123 |    35 |       ||   335
       Chain mail        |       |       |       |    30 |       ||    30
       Ring mail         |       |       |       |    90 |   185 ||   275
Dodge: Dodged            |    55 |    55 |    80 |   173 |   195 ||   558
       Deflected         |       |       |       |     1 |     5 ||     6
Block: Shield            |    75 |   109 |   263 |   123 |       ||   570
       Large shield      |       |       |       |   926 |  1105 ||  2031
